 Dungeon Crawl Stone Soup version 0.30-a0-585-g93115170b9 (webtiles) character file.

Game seed: 6404535999710988464

47 cforsyth the Trooper (level 3, -1/33 HPs)
             Began as a Ghoul Monk on Jan 3, 2023.
             Killed from afar by Sigmund (3 damage)
             ... with a puff of flame
             ... on level 2 of the Dungeon.
             The game lasted 00:03:03 (1919 turns).

cforsyth the Trooper (Ghoul Monk)                   Turns: 1919, Time: 00:03:04

Health: -1/33      AC:  4    Str: 16    XL:     3   Next: 70%
Magic:  2/2        EV: 12    Int:  5    God:
Gold:   70         SH:  0    Dex: 11    Spells: 2/2 levels left

rFire   . . .      SeeInvis .      - Unarmed
rCold   + . .      Faith    .    (no shield)
rNeg    + + +      Spirit   .    a - +0 robe
rPois   ∞          Reflect  .    g - +1 helmet
rElec   .          Harm     .    (no cloak)
rCorr   .          Rampage  .    (no gloves)
Will    .....                    (no boots)
Stlth   ++                       (no amulet)
HPRegen 0.00/turn                (no ring)
MPRegen 0.08/turn                (no ring)

@: inhibited regen
A: claws 1, cold resistance 1, negative energy resistance 3, inhibited
regeneration, torment resistance 2, devour on kill
a: no special abilities


You were on level 2 of the Dungeon.
You visited 1 branch of the dungeon, and saw 2 of its levels.

You collected 70 gold pieces.

Inventory:

Armour
 a - a +0 robe (worn)
 g - a +1 helmet (worn)
Scrolls
 c - a scroll of identify {unknown}
 e - a scroll of fog {unknown}
 f - a scroll of amnesia {unknown}
 h - a scroll of enchant weapon {unknown}
 i - a scroll of immolation {unknown}
 j - a scroll of teleportation {unknown}
Potions
 b - a potion of ambrosia
 d - a potion of curing {unknown}
 k - a potion of berserk rage {unknown}


   Skills:
 + Level 4.2 Fighting
 - Level 2.6 Dodging
 - Level 2.1 Stealth
 + Level 4.2 Unarmed Combat


You had 2 spell levels left.
You didn't know any spells.
Your spell library contained the following spells:

 Spells                   Type           Power      Damage    Failure   Level
 Foxfire                  Conj/Fire      0%         2x1d4     47%         1
 Sting                    Tmut/Pois      0%         1d3       47%         1
 Poisonous Vapours        Pois/Air       0%         N/A       63%         2
 Olgreb's Toxic Radiance  Pois           0%         N/A       99%         4
 Fireball                 Conj/Fire      0%         3d3       100%        5
 Starburst                Conj/Fire      0%         6d3       100%        6


Dungeon Overview and Level Annotations

Branches:
Dungeon (2/15)

Altars:

Shops:
D:1 *!

Annotations:
D:2 Sigmund


Innate Abilities, Weirdness & Mutations

You are immune to poison.
You have sharp fingernails.
Your flesh is cold resistant. (rC+)
You are immune to negative energy. (rN+++)
You do not regenerate when monsters are visible.
You are immune to unholy pain and torment.
You thrive by killing the living.


Message History

Sigmund is lightly wounded.
Sigmund mumbles some strange words.
Sigmund flickers and vanishes!
Deactivating autopickup; reactivate with Ctrl-A.
No target in view!
No target in view!
No target in view!
No target in view!
No target in view!
No target in view!
No target in view!
No target in view!
You miss something.
You hear some strange, mumbled words.
A magic dart appears from out of thin air!
The magic dart hits you.
You claw something! Something hits you.
You scratch something. Something hits you!
You miss something. You barely miss something.
You hear some strange, mumbled words.
You are confused.
You bump into the rock wall.
Something hits you!
* * * LOW HITPOINT WARNING * * *
Unknown command.
Unknown command.
Something hits you.
* * * LOW HITPOINT WARNING * * *
You bump into the rock wall.
Something barely misses you.
A puff of flame appears from out of thin air!
The puff of flame misses you.
You bump into the rock wall.
You bump into the rock wall.
You feel less confused.
You hear some strange, mumbled words.
Something tries to affect you, but you resist.
Unknown command.
A puff of flame appears from out of thin air!
The puff of flame hits you.
You die...

....########################....#
#.#.#.# #..........# #.#.#.#####
###..........# ...........
..........)..' ..#.#####.#
#.......)...# ....# #.
#...........# ..#.# #.
#.###...####.
.########.###########.# #...# #.
.............{..@...#.###...# #.
.######.#.#########.........# #.
.....<# #. ###.###...# #. ..###.#
#. #.# #.### #. ..# #.# #. #.#
#.# #. ..# #.# #. #.# #.# #.
..###.# ### #.# #.# ......#.#<#
#.# #.. #. ......#.#.# #.# ##.#
#.


There were no monsters in sight!

Vanquished Creatures
  3 adders (D:2)
  2 ball pythons
  2 endoplasms (D:1)
  2 goblins
  3 hobgoblins (D:1)
  3 kobolds
  2 quokkas
  A frilled lizard (D:1)
  A rat (D:1)
  3 bushes (D:1)
22 creatures vanquished.

Notes
Turn   | Place    | Note
-------+----------+-------------------------------------------
     0 | D:1      | cforsyth the Ghoul Monk began the quest for the Orb.
     0 | D:1      | Reached XP level 1. HP: 19/19 MP: 0/0
   104 | D:1      | Found Fiskoall's Assorted Antiques.
   291 | D:1      | Found a faded altar of an unknown god.
   304 | D:1      | Reached XP level 2. HP: 26/26 MP: 1/1
   504 | D:1      | Found Sypuju's Distillery.
  1342 | D:2      | Reached XP level 3. HP: 23/33 MP: 2/2
  1896 | D:2      | Noticed Sigmund
  1919 | D:2      | Killed from afar by Sigmund

Illustrated notes

Levels and vault maps discovered:
D:1:      minmay_arrival_shattered_statue, layout_basic, serial_forest,
          infiniplex_forest_split, infiniplex_forest_split,
          infiniplex_forest_lined_room_, infiniplex_forest_straight_2,
          infiniplex_forest_diagonal, infiniplex_forest_end_1,
          infiniplex_forest_lined_1, infiniplex_forest_side_room, serial_shops,
          nicolae_shop_advertising_works [nicolae_subvault_shop_adworks],
          nicolae_shop_stone, ebering_ecumenical_altar_abandoned,
          minmay_misc_feat_enclosed
D:2:      layout_basic, patterned_corridor, uniq_sigmund

Skill      XL: |  1  2 |
---------------+-------+-----
Fighting       | 4 |  4.2
Unarmed Combat | 4 |  4.2
Dodging        | |  2.6
Stealth        | |  2.1

Action                   || total
-------------------------++-------
Melee: Unarmed           ||   369
       Punch             ||    16
 Stab: Sleeping          ||     3
Armor: Robe              ||     4
Dodge: Dodged            ||    41

Table legend: (Time is in decaauts)
 A = Elapsed time spent in this place.
 B = Non-inter-level travel time spent in this place.
 C = Inter-level travel time spent in this place.
 D = Time resting spent in this place.
 E = Time spent auto-exploring this place.
 F = Levels seen in this place.
 G = Mean time per level.
                   A        B        C        D        E       F      G
               +--------+--------+--------+--------+--------+-----+--------+
         Total |   1894 |   1832 |     62 |      0 |   1301 |   2 |  947.0 |
       Dungeon |   1894 |   1832 |     62 |      0 |   1301 |   2 |  947.0 |
               +--------+--------+--------+--------+--------+-----+--------+

Top non-repeatable levels by time:
     D:1: 1155 daAuts
     D:2: 739 daAuts
